 Dungeon Crawl Stone Soup version 0.17.0-28-g6e173f8 (webtiles) character file.

4146 Raultor the Nimble (level 10, -3/79 HPs)
             Began as a Vampire Monk on Nov 23, 2015.
             Was an Elder of Makhleb.
             Killed by Ozocubu's Refrigeration
             ... invoked by Fannar
              (22 damage)
             ... on level 9 of the Dungeon.
             The game lasted 00:37:43 (9009 turns).

Raultor the Nimble (Vampire Monk)                   Turns: 9009, Time: 00:37:44

Health: -3/79      AC:  9    Str: 17    XL:     10   Next: 7%
Magic:  10/10      EV: 20    Int: 14    God:    Makhleb [****..]
Gold:   508        SH:  0    Dex: 17    Spells: 1 memorised, 7 levels left

rFire  . . .     SeeInvis +       - Unarmed
rCold  . . .     Clarity  .     C - +2 robe {Archmagi}
rNeg   + + +     SustAt   .     (no shield)
rPois  +         Gourm    .     (no helmet)
rElec  .         Spirit   .     j - +0 cloak
rCorr  .         Warding  .     h - +0 pair of gloves
rMut   +         Stasis   .     m - +2 pair of boots
MR     ++...                    E - amulet of the Scavenger {rMut rPois rN+ SInv}
Stlth  +++.......               H - ring of positive energy
                                z - ring of protection from magic

@: mighty, very resistant to hostile enchantments, fairly stealthy
A: fangs 3, see invisible, unbreathing
a: Bat Form, Minor Destruction, Lesser Servant of Makhleb, Major Destruction,
Renounce Religion


You were on level 9 of the Dungeon.
You worshipped Makhleb.
Makhleb was greatly pleased with you.
You were not thirsty.

You visited 2 branches of the dungeon, and saw 11 of its levels.

You collected 508 gold pieces.

Inventory:

Hand Weapons
 t - the +1 spear of Feas {freeze, +Blink}
   (You found it on level 4 of the Dungeon)

   It has been specially enchanted to freeze those struck by it, causing extra
   injury to most foes and up to half again as much damage against particularly
   susceptible opponents.
   It can also slow down cold-blooded creatures.
   It lets you blink.
Missiles
 x - 4 tomahawks of returning (quivered)
Armour
 a - a +0 robe
 g - a +0 ring mail
 h - a +0 pair of gloves (worn)
 j - a +0 cloak (worn)
 m - a +2 pair of boots (worn)
 C - a +2 robe of the Archmagi (worn)
Rods
 G - a -2 rod of the swarm (10/10)
   (You found it on level 8 of the Dungeon)
Jewellery
 l - an uncursed amulet of clarity
 z - a ring of protection from magic (left hand)
 B - an uncursed ring of fire
 E - the amulet of the Scavenger (around neck) {rMut rPois rN+ SInv}
   (You found it on level 8 of the Dungeon)

   [amulet of resist mutation]

   It protects you from mutation.
   It protects you from poison.
   It protects you from negative energy.
   It lets you see invisible.
 H - a ring of positive energy (right hand)
Wands
 f - a wand of magic darts (14)
 s - a wand of magic darts (18)
 v - a wand of paralysis (12)
 K - a wand of cold (7)
 M - a wand of confusion (18)
Scrolls
 c - 2 scrolls of blinking
 d - a scroll of amnesia {unknown}
 e - 2 scrolls of remove curse
 k - a scroll of holy word {unknown}
 n - 3 scrolls of immolation {unknown}
 o - 3 scrolls of fear {unknown}
 p - a scroll of enchant armour {unknown}
 q - 5 scrolls of identify
 u - a scroll of teleportation {unknown}
 w - 2 scrolls of recharging {unknown}
 y - 2 scrolls of noise {unknown}
 A - a scroll of silence {unknown}
 J - a scroll of enchant weapon {unknown}
Potions
 b - 18 potions of blood
 i - 7 potions of curing
 r - 2 potions of might
 D - 2 potions of flight
 F - a potion of magic {unknown}
 N - a potion of brilliance {unknown}
Books
 I - a book of Minor Magic

   Spells                             Type                      Level
   a - Magic Dart                     Conjuration                  1
   b - Blink                          Translocation                2
   c - Call Imp                       Summoning                    2
   d - Repel Missiles                 Charms/Air                   2
   e - Slow                           Hexes                        2
   f - Conjure Flame                  Conjuration/Fire             3
   g - Mephitic Cloud                 Conjuration/Poison/Air       3


   Skills:
 + Level 7.0 Fighting
 * Level 2.7 Armour
 + Level 10.2 Dodging
 - Level 3.0 Stealth
 - Level 10.0 Unarmed Combat
 * Level 2.1 Charms


You had 7 spell levels left.
You knew the following spells:

 Your Spells              Type           Power        Failure   Level  Hunger
a - Repel Missiles        Chrm/Air       #.....       30%         2    ###....


Dungeon Overview and Level Annotations

Branches:
Dungeon (10/15)            Temple (1/1) D:4            Lair (0/8) D:8
    Orc: D:9-12

Altars:
Ashenzari
Cheibriados
Dithmenos
Elyvilon
Fedhas
Gozag
Kikubaaqudgha
Makhleb
Nemelex Xobeh
Okawaru
Qazlal
Ru
Sif Muna
Trog
Vehumet
Xom
Yredelemnul
Zin
The Shining One

Shops:
D:9 *

Annotations:
D:6 Shizoidos's ghost, novice MiFi
D:9 Fannar
D:10 Harold


Innate Abilities, Weirdness & Mutations

You have razor-sharp teeth.
You have supernaturally acute eyesight.
You can survive without breathing.


Message History

The ice beast hits you but does no damage.
Drink which item? (? for menu, Esc to quit)
You feel much better.
Fannar brushes some snowflakes from his robe.
Fannar misses you. The ice beast misses you. Fannar blocks your attack.
You bite Fannar, but do no damage.
Fannar is severely wounded.
Fannar barely misses you. The ice beast hits you. The ice beast freezes you.
* * * LOW HITPOINT WARNING * * *
Fannar blocks your attack.
Fannar is severely wounded.
You punch Fannar!
Fannar is severely wounded.
The ice beast misses you.
Fannar casts a spell.
Fannar blinks!
Fannar mumbles some strange words.
Fannar drains the heat from the surrounding environment!
You feel very cold.
You die...

....######....(.....#
#.......# ....#
#^.........# #.......##
#.### #####'######
#.......'. #.# #...#
#.......## #.# #.###
##..##### #.# ##'######
####.###### ..# #.......#
#.........# ### #....e..#
#.........# # #.....@.#
#.<.......# # #.....Y>#
#....>....# # #.....ยง.#
#.........# # #.......#
#.........# # #.......#
#.........## #
#.......####........... #
#.......'..#.........#. #
#.......##....(......##
## ###
#####......####.........#


You could see Fannar and an ice beast.

Vanquished Creatures
  4 yaks (D:9)
  Eustachio (D:5)
  A wyvern (D:8)
  2 hippogriffs
  A water moccasin (D:9)
  Duvessa (D:5)
  2 ice beasts
  4 ogres
  2 black bears
  2 centaurs
  A sky beast (D:8)
  4 giant frogs
  A big kobold (D:9)
  3 scorpions
  Dowan (D:5)
  3 wights (D:7)
  The ghost of skk the Shooter, a weakling HEHu (D:3)
  A jelly (D:5)
  A centaur skeleton (D:4)
  2 orc priests (D:4)
  4 crimson imps
  Ijyb (D:2)
  A giant frog skeleton (D:8)
  A gnoll shaman (D:6)
  5 hounds
  9 orc wizards
  An iguana (D:8)
  4 worker ants
  A hound zombie (D:8)
  11 adders
  12 gnolls
  2 shadow imps (D:8)
  An adder skeleton (D:5)
  A worm (D:2)
  3 giant geckos
  26 orcs
  2 ball pythons
  7 bats
  7 giant cockroaches
  14 goblins
  3 hobgoblins
  A quokka (D:7)
  A giant gecko skeleton (D:4)
  2 giant newts
  9 jackals
  6 kobolds
  A quokka skeleton (D:8)
  6 rats
180 creatures vanquished.

Vanquished Creatures (others)
  A hound skeleton (D:5)
1 creature vanquished.

Grand Total: 181 creatures vanquished

Notes
Turn   | Place    | Note
--------------------------------------------------------------
     0 | D:1      | Raultor the Vampire Monk began the quest for the Orb.
     0 | D:1      | Reached XP level 1. HP: 17/17 MP: 1/1
   105 | D:1      | Reached XP level 2. HP: 9/23 MP: 2/2
   217 | D:1      | Reached skill level 5 in Unarmed Combat
   806 | D:2      | Reached XP level 3. HP: 28/28 MP: 3/3
  1112 | D:2      | You fall through a shaft!
  1112 | D:3      | Noticed skk's ghost (weakling HEHu)
  1128 | D:3      | Killed skk's ghost
  1128 | D:3      | Reached skill level 6 in Unarmed Combat
  1128 | D:3      | Reached XP level 4. HP: 13/34 MP: 4/4
  1504 | D:3      | Found a deep blue altar of Sif Muna.
  1622 | D:3      | Found a glowing golden altar of the Shining One.
  1625 | D:3      | Found a snail-covered altar of Cheibriados.
  1625 | D:3      | Found a sacrificial altar of Ru.
  1625 | D:3      | Found a blossoming altar of Fedhas.
  2145 | D:2      | Noticed Ijyb
  2224 | D:2      | Killed Ijyb
  2224 | D:2      | Reached skill level 7 in Unarmed Combat
  2224 | D:2      | Reached XP level 5. HP: 35/39 MP: 5/5
  2466 | D:3      | You fall through a shaft!
  2489 | D:3      | Found a glowing silver altar of Zin.
  2828 | D:4      | Got a bone spear
  2829 | D:4      | Identified the cursed +1 spear of Feas {freeze, +Blink} (You found it on level 4 of the Dungeon)
  2840 | D:4      | Noticed an ogre
  3039 | D:4      | Found a staircase to the Ecumenical Temple.
  3055 | Temple   | Entered the Ecumenical Temple
  3365 | D:4      | Reached skill level 8 in Unarmed Combat
  3365 | D:4      | Reached XP level 6. HP: 33/46 MP: 6/6
  3869 | D:4      | Killed an ogre
  3978 | D:5      | Entered Level 5 of the Dungeon
  3978 | D:5      | Noticed Duvessa
  3978 | D:5      | Noticed Dowan
  4035 | D:4      | Reached skill level 9 in Unarmed Combat
  4243 | D:4      | Reached XP level 7. HP: 23/51 MP: 7/7
  4679 | D:4      | Reached skill level 10 in Unarmed Combat
  4706 | D:5      | Killed Dowan
  4728 | D:5      | Found a burning altar of Makhleb.
  4736 | D:5      | Became a worshipper of Makhleb the Destroyer
  4736 | D:5      | Reached * piety under Makhleb
  4736 | D:5      | Reached ** piety under Makhleb
  4739 | D:5      | Noticed Eustachio
  4759 | D:4      | Reached skill level 1 in Armour
  4798 | D:5      | Killed Eustachio
  4809 | D:5      | Reached XP level 8. HP: 45/58 MP: 8/8
  4912 | D:5      | Killed Duvessa
  5066 | D:5      | Noticed a hippogriff
  5157 | D:5      | Reached skill level 5 in Dodging
  5305 | D:5      | Killed a hippogriff
  5648 | D:6      | Found a stormy altar of Qazlal.
  5832 | D:6      | Noticed Shizoidos's ghost (novice MiFi)
  5997 | D:7      | Reached skill level 5 in Fighting
  6146 | D:7      | Found an iron altar of Okawaru.
  6216 | D:7      | Reached XP level 9. HP: 66/68 MP: 9/9
  6236 | D:7      | Found a bloodstained altar of Trog.
  6375 | D:7      | Reached *** piety under Makhleb
  6726 | D:8      | Got a sparkling bronze amulet
  6813 | D:8      | Found a blossoming altar of Fedhas.
  6940 | D:8      | Identified a cursed -2 rod of the swarm (10/10) (You found it on level 8 of the Dungeon)
  7121 | D:8      | Found a staircase to the Lair.
  7131 | D:8      | Identified the amulet of the Scavenger {rMut rPois rN+ SInv} (You found it on level 8 of the Dungeon)
  7709 | D:8      | Learned a level 2 spell: Repel Missiles
  7952 | D:9      | Got a serpentine ivory ring
  7954 | D:9      | Identified the ring "Fahemmaf" {rPois Stlth-} (You found it on level 9 of the Dungeon)
  8165 | D:9      | Reached **** piety under Makhleb
  8250 | D:9      | Found a shimmering altar of Xom.
  8286 | D:9      | Found Mahoaly's Serpentskin Sales.
  8372 | D:9      | Reached skill level 1 in Charms
  8560 | D:9      | Reached skill level 10 in Dodging
  8569 | D:9      | Reached XP level 10. HP: 77/77 MP: 10/10
  8827 | D:10     | Entered Level 10 of the Dungeon
  8834 | D:10     | Noticed Harold
  8969 | D:10     | Noticed Fannar
  9009 | D:9      | Killed from afar by Fannar

Action                   |  1- 3 |  4- 6 |  7- 9 | 10-12 || total
-------------------------+-------+-------+-------+-------++-------
Melee: Unarmed           |   100 |   187 |   486 |    58 ||   831
 Cast: Repel Missiles    |       |       |     1 |       ||     1
 Abil: End Transformatio |       |       |     1 |       ||     1
       Bat Form          |       |       |     1 |       ||     1
Evoke: Rod               |       |       |     1 |       ||     1
  Use: Scroll            |       |     1 |     3 |     1 ||     5
       Potion            |       |     9 |    17 |     2 ||    28
 Stab: Sleeping          |     5 |     5 |     8 |       ||    18
       Distracted        |     2 |       |     3 |       ||     5
       Invisible         |       |       |     8 |       ||     8
  Eat: Corpse            |     2 |     3 |     7 |       ||    12
